 Dungeon Crawl Stone Soup version 0.24-a0-246-gb963c9a (webtiles) character file.

Game seed: 1248545165121903707

1454 Ijustatesigmund the Chopper (level 8, -9/57 HPs)
             Began as an Octopode Fighter on Apr 12, 2019.
             Was a Follower of Cheibriados.
             Mangled by a yak (11 damage)
             ... on level 6 of the Dungeon.
             The game lasted 00:11:15 (4716 turns).

Ijustatesigmund the Chopper (Octopode Fighter)      Turns: 4716, Time: 00:11:17

Health: -9/57      AC:  3    Str: 17    XL:     8   Next: 76%
Magic:  19/19      EV: 13    Int: 13    God:    Cheibriados [*.....]
Gold:   268        SH: 10    Dex: 15    Spells: 7/7 levels left

rFire    . . .     SeeInvis .   a - +3 war axe
rCold    . . .     Gourm    .   b - +1 shield
rNeg     . . .     Faith    .   (helmet restricted)
rPois    .         Spirit   .   (no amulet)
rElec    .         Reflect  .   e - ring of magical power
rCorr    .         Harm     .   g - ring of protection from magic
MR       +....                  m - +2 ring of protection
Stlth    ++........             (no ring)
HPRegen  0.19/turn              (no ring)
MPRegen  0.16/turn              (no ring)
                                (no ring)
                                (no ring)

@: very slow
A: almost no armour, stealthy swim, amphibious, 8 rings, constrict 8, camouflage
1, gelatinous body 1
a: Bend Time, Renounce Religion


You were on level 6 of the Dungeon.
You worshipped Cheibriados.
Cheibriados was aware of your devotion.
You were not hungry.

You visited 1 branch of the dungeon, and saw 6 of its levels.

You collected 268 gold pieces.

Inventory:

Hand Weapons
 a - a +3 war axe (weapon)
Missiles
 n - 13 javelins (quivered)
Armour
 b - a +1 shield (worn)
Jewellery
 c - the amulet "Pajoami" {Gourm rElec rPois rF- SInv}
   (You found it on level 5 of the Dungeon)

   [amulet of the gourmand]

   It allows you to eat raw meat even when not hungry.
   It makes you vulnerable to fire.
   It insulates you from electricity.
   It protects you from poison.
   It lets you see invisible.
 e - a ring of magical power (left tentacle)
 g - a ring of protection from magic (right tentacle)
 m - a +2 ring of protection (on tentacle)
Scrolls
 i - a scroll of enchant weapon
 l - 2 scrolls of fog
 p - 2 scrolls of identify
 q - 2 scrolls of blinking
Potions
 f - 2 potions of lignification
 h - a potion of invisibility
 j - 2 potions of flight
 k - 2 potions of curing
 o - 2 potions of brilliance
Comestibles
 d - 10 rations


   Skills:
 + Level 6.2 Fighting
 + Level 7.2 Axes
 + Level 4.3 Dodging
 + Level 4.3 Shields
 * Level 3.8 Invocations


You had 7 spell levels left.
You didn't know any spells.
Your spell library contained the following spells:

 Spells                   Type           Power        Failure   Level  Hunger
 Malign Gateway           Summ/Tloc      #.........   100%        7    #######
 Monstrous Menagerie      Summ           #.........   100%        7    #######
 Summon Greater Demon     Summ           #.........   100%        7    #######
 Summon Horrible Things   Summ           #.........   100%        8    #######


Dungeon Overview and Level Annotations

Branches:
Dungeon (6/15)
 Temple: D:4-7

Altars:
Cheibriados
Elyvilon
Makhleb
Xom

Annotations:
D:5 2 runed translucent doors


Innate Abilities, Weirdness & Mutations

You cannot wear most types of armour.
You are very stealthy in the water. (Stealth+)
You are amphibious.
You can wear up to eight rings at the same time.
You can use your tentacles to constrict eight enemies at once.
Your skin changes colour to match your surroundings (Stealth+).
Your rubbery body absorbs attacks. (AC +1, EV +1)


Message History

There is a stone staircase leading down, spattered with blood here.
You block the yak's attack.
You climb downwards.
There is a stone staircase leading up here.
You completely miss the yak. The yak gores you!
You hit the yak.
The yak is lightly wounded.
You block the yak's attack.
You hit the yak. Your squeeze misses the yak.
The yak is lightly wounded.
The yak closely misses you.
You hit the yak.
The yak is moderately wounded.
The yak gores you!
You hit the yak but do no damage.
The yak is moderately wounded.
The yak gores you!
* * * LOW HITPOINT WARNING * * *
The yak gores you!
You die...

#####
...##
...
#Y#
#@#
#.#
#..
###.
.# #


You could see a yak.

Vanquished Creatures
  The ghost of feelmyfire the Poker, an amateur MfGl (D:5)
  Eustachio (D:4)
  The ghost of DavidChitty2 the Chopper, an amateur HOFi of Beogh (D:4)
  An ice beast (D:5)
  An orc warrior (D:4)
  A sky beast (D:5)
  An ogre (D:4)
  A big kobold (D:5)
  A howler monkey (D:4)
  An orc priest (D:4)
  3 hounds (D:4)
  An orc wizard (D:4)
  A centaur skeleton (D:4)
  4 worker ants (D:5)
  A hound skeleton (D:3)
  Robin (D:4)
  3 gnolls (D:5)
  A river rat (D:5)
  2 adders
  A howler monkey skeleton (D:4)
  A shadow imp (D:4)
  An ooze (D:1)
  An adder skeleton (D:5)
  3 worms
  5 dart slugs
  3 leopard geckos
  10 orcs
  6 bats
  3 giant cockroaches
  13 goblins
  14 hobgoblins
  7 jackals
  8 kobolds
  2 quokkas
  2 ball pythons
  6 frilled lizards
  A jackal skeleton (D:4)
  A quokka skeleton (D:4)
  4 rats
119 creatures vanquished.

Notes
Turn   | Place    | Note
-------+----------+-------------------------------------------
     0 | D:1      | Ijustatesigmund the Octopode Fighter began the quest for
                  | the Orb.
     0 | D:1      | Reached XP level 1. HP: 16/16 MP: 1/1
   116 | D:1      | Reached XP level 2. HP: 20/21 MP: 2/2
   292 | D:1      | Reached skill level 3 in Axes
   299 | D:1      | Reached XP level 3. HP: 16/26 MP: 3/3
  1128 | D:2      | Found a shimmering altar of Xom.
  1327 | D:2      | Found a white marble altar of Elyvilon.
  1444 | D:2      | Reached XP level 4. HP: 31/32 MP: 4/4
  1801 | D:3      | Found a burning altar of Makhleb.
  1879 | D:3      | Reached skill level 4 in Axes
  2371 | D:4      | Noticed Robin
  2377 | D:4      | Killed Robin
  2377 | D:4      | Reached XP level 5. HP: 32/37 MP: 5/5
  2419 | D:4      | Found a runed translucent gate.
  2419 | D:4      | Found a runed translucent gate.
  2419 | D:4      | Found a runed translucent gate.
  2437 | D:4      | Noticed an orc warrior
  2439 | D:4      | Noticed DavidChitty2's ghost (amateur HOFi)
  2470 | D:4      | Killed an orc warrior
  2470 | D:4      | Reached skill level 5 in Axes
  2470 | D:4      | Reached XP level 6. HP: 42/44 MP: 6/6
  2471 | D:4      | Killed DavidChitty2's ghost
  2510 | D:4      | Noticed Eustachio
  2518 | D:4      | Killed Eustachio
  2518 | D:4      | Reached skill level 5 in Fighting
  2518 | D:4      | Reached skill level 6 in Axes
  2518 | D:4      | Reached XP level 7. HP: 36/50 MP: 7/7
  3540 | D:4      | Found a snail-covered altar of Cheibriados.
  3554 | D:4      | Became a worshipper of Cheibriados the Contemplative
  3776 | D:5      | Entered Level 5 of the Dungeon
  3806 | D:4      | Reached skill level 1 in Invocations
  3806 | D:4      | Reached XP level 8. HP: 19/57 MP: 9/9
  4208 | D:5      | Found a runed translucent door.
  4227 | D:5      | Noticed feelmyfire's ghost (amateur MfGl)
  4241 | D:5      | Killed feelmyfire's ghost
  4241 | D:5      | Reached skill level 7 in Axes
  4247 | D:5      | Found a runed translucent door.
  4343 | D:5      | Found a large runed translucent door.
  4343 | D:5      | Found a large runed translucent door.
  4346 | D:5      | Noticed a yak
  4348 | D:5      | Reached * piety under Cheibriados
  4382 | D:5      | Found a large runed translucent door.
  4383 | D:5      | Found a large runed translucent door.
  4427 | D:5      | Got a bound golden amulet
  4428 | D:5      | Identified the amulet "Pajoami" {Gourm rElec rPois rF-
                  | SInv} (You found it on level 5 of the Dungeon)
  4716 | D:6      | HP: 2/57 [yak (16)]
  4716 | D:6      | Mangled by a yak

Levels and vault maps discovered:
D:1:      dpeg_arrival_houses_and_road, layout_rooms
D:2:      layout_loops_cross, old_standard_altar, lemuel_doored_altar,
          kennysheep_generic_room_12
D:3:      layout_rooms, lemuel_crystal_altar, first_ration
D:4:      minmay_chambers_of_threes, layout_basic, gammafunk_ghost_split,
          hangedman_decor_push, cheibriados_altar_1, uniq_eustachio, uniq_robin
D:5:      layout_rooms, nicolae_ashenzari_panopticon, tgw_trog,
          ebering_ghost_sewer_f, minmay_hollow_rounded_squares
D:6:      layout_loops_corners, nicolae_tso_carved_into_rock,
          minmay_guarded_unrand_staff_of_olgreb, uniq_menkaure

Skill      XL: |  1  2  3  4  5  6  7  8 |
---------------+-------------------------+-----
Axes           | 3 4 5 6 7 |  7.2
Fighting       | 4 5 6 |  6.2
Invocations    | 1 3 |  3.8
Dodging        | 4 |  4.3
Shields        | 4 |  4.3

Action                   |  1- 3 |  4- 6 |  7- 9 || total
-------------------------+-------+-------+-------++-------
Melee: War axe           |    67 |    63 |   109 ||   239
       Constrict         |    21 |    13 |    21 ||    55
       Tentacles         |    15 |     9 |    22 ||    46
Throw: Javelin           |       |     5 |     3 ||     8
  Use: Scroll            |     6 |     3 |     7 ||    16
       Potion            |     1 |     2 |     1 ||     4
 Stab: Sleeping          |     9 |     2 |     1 ||    12
       Invisible         |       |       |     1 ||     1
  Eat: Chunk             |     2 |       |     3 ||     5
       Ration            |       |     1 |     1 ||     2
Armor: Skin              |     7 |     4 |     7 ||    18
Dodge: Dodged            |    33 |    34 |    51 ||   118
Block: Shield            |    33 |    27 |    70 ||   130

Table legend:
 A = Non-vault XP
 B = Vault XP
 C = Vault XP percentage of total XP
 D = Non-vault monster count
 E = Vault monster count
 F = Vault count percentage of total count
                 A         B        C        D         E       F
            +---------+---------+-------+---------+---------+-------
      Total |     718 |    1360 |  65.4 |      88 |      31 |  26.1
            +---------+---------+-------+---------+---------+-------
        D:1 |      61 |       0 |   0.0 |      26 |       0 |   0.0
        D:2 |      26 |       2 |   7.1 |      14 |       1 |   6.7
        D:3 |      66 |       0 |   0.0 |      18 |       0 |   0.0
        D:4 |     350 |     721 |  67.3 |      19 |      22 |  53.7
        D:5 |     215 |     637 |  74.8 |      11 |       8 |  42.1
            +---------+---------+-------+---------+---------+-------
